 Dungeon Sprint DCSS version 0.31-a0-18-gea43df2a32 (webtiles) character file.

Game seed: 15524818434181660687

154 sircluck the Ruffian (level 5, -1/57 HPs)
             Began as a Troll Berserker on May 12, 2023.
             Was a High Priest of Trog.
             Killed by divine providence
             ... invoked by an orc priest
              (13 damage)
             ... in the Dungeon (Sprint VII: "The Pits").
             The game lasted 00:01:02 (241 turns).

sircluck the Ruffian (Troll Berserker)               Turns: 241, Time: 00:01:03

Health: -1/57      AC:  4    Str: 27    XL:     5   Next: 13%
Magic:  4/4        EV: 11    Int:  3    God:    Trog [*****.]
Gold:   0          SH:  0    Dex:  9    Spells: 4/4 levels left

rFire   . .          .
                       - Unarmed
rCold   . . .        (no shield)
rNeg    . . .        a - +0 animal skin
rPois   .            (helmet restricted)
rElec   .            (no cloak)
rCorr   .            (gloves unavailable)
SInv    .            (boots unavailable)
Will    .....        (no amulet)
Stlth   +            (no ring)
HPRegen 1.09/turn    (no ring)
MPRegen 0.09/turn

%: no teleportation
@: on berserk cooldown, slowed, very slow
A: large, unfitting armour, claws 3, regeneration 1, shaggy fur 1, tough skin 1
a: Renounce Religion, Berserk, Trog's Hand, Brothers in Arms


You were in the Dungeon.
You worshipped Trog.
Trog was extremely pleased with you.
You visited 1 branch

Inventory:

Missiles
 j - 10 stones (quivered)
Armour
 a - a +0 animal skin (worn)
Scrolls
 g - a scroll of blinking
 i - a scroll of summoning
Potions
 b - 6 potions of curing
 c - 6 potions of heal wounds
 d - a potion of haste
 e - 4 potions of magic
 f - 3 potions of berserk rage
 h - 2 potions of invisibility


   Skills:
 + Level 5.2 Fighting
 + Level 5.2 Dodging
 + Level 0.1 Stealth
 + Level 7.3 Unarmed Combat


You had 4 spell levels left.
You didn't know any spells.
Your spell library was empty.

Dungeon Overview and Level Annotations

Branches:
Dungeon (1/1)

Altars:
Ashenzari
Cheibriados
Dithmenos
Elyvilon
Fedhas
Gozag
Hepliaklqana
Kikubaaqudgha
Makhleb
Nemelex Xobeh
Okawaru
Qazlal
Ru
Sif Muna
Trog
Uskayaw
Vehumet
Wu Jian
Xom
Yredelemnul
Zin
The Shining One
Jiyva
Lugonu


Innate Abilities, Weirdness & Mutations

You are too large for most types of armour.
You have claws for hands.
Your natural rate of healing is unusually fast.
You are covered in fur. (AC +1)
You have tough skin. (AC +1)


Message History

An iguana comes into view.
The orc priest hits you with a +0 short sword.
The iguana hisses angrily.
You scratch the orc priest but do no damage.
The orc priest invokes the aid of Beogh against you.
Pain shoots through your body!
* * * LOW HITPOINT WARNING * * *
The orc priest hits you with a +0 short sword.
* * * LOW HITPOINT WARNING * * *
You claw the orc priest!
You kill the orc priest!
Trog accepts your kill.
Your Fighting skill increases to level 5!
Your Dodging skill increases to level 5!
Your Unarmed Combat skill increases to level 7!
You have reached level 5!
You scratch the orc.
The orc is moderately wounded.
The orc barely misses you.
Unknown command.
You claw the orc!
You kill the orc!
Trog accepts your kill.
Unknown command.
You scratch the mummy but do no damage. You claw the mummy! x2
You destroy the mummy!
Trog accepts your kill.
The orc priest mumbles some strange prayers to Beogh against you.
Pain shoots through your body!
* * * LOW HITPOINT WARNING * * *
Unknown command.
The orc priest hits you with a +0 dagger.
* * * LOW HITPOINT WARNING * * *
The orc priest misses you.
Items here: ))) [[ †††.
You scratch the orc priest but do no damage.
The orc priest invokes the aid of Beogh against you.
Beogh smites you!
You die...

##########.##.....
#...........'.....
#'#####†#####.....
#.#...#.#..##.....
#.#...#.#))#####'#
#.#...†.#))##.....
#)##'####))##.....
#)#.....#[[##.....
#@#...†.#'###...<.
#o#........##.....
#o#........##.....
#l###########.....
#.. ###### #..#
#... ##.## o.


You could see an iguana, an orc priest and an orc.

Vanquished Creatures
  A jelly (D)
  An orc priest (D)
  An orc wizard (D)
  A mummy (D)
  A gnoll (D)
  2 river rats (D)
  An adder (D)
  6 orcs (D)
  3 jackals (D)
  A quokka (D)
  A ball python zombie (D)
  A frilled lizard (D)
  A quokka zombie (D)
21 creatures vanquished.

Notes
Turn   | Place    | Note
-------+----------+-------------------------------------------
     0 | D        | sircluck the Troll Berserker began the quest for the Orb.
     0 | D        | Reached XP level 1. HP: 22/22 MP: 0/0
    71 | D        | Found a bloodstained altar of Trog.
    71 | D        | Found a shimmering blue altar of Sif Muna.
    71 | D        | Found a viscous altar of Jiyva.
    71 | D        | Found a hazy altar of Hepliaklqana.
    71 | D        | Found an opulent altar of Gozag.
    72 | D        | Found a glowing golden altar of the Shining One.
    72 | D        | Found a glowing silver altar of Zin.
    72 | D        | Found a basalt altar of Yredelemnul.
    72 | D        | Found a shimmering altar of Xom.
    72 | D        | Found an ornate altar of the Wu Jian Council.
    72 | D        | Found a sacrificial altar of Ru.
    72 | D        | Found a stormy altar of Qazlal.
    72 | D        | Found an iron altar of Okawaru.
    72 | D        | Found a sparkling altar of Nemelex Xobeh.
    72 | D        | Found a burning altar of Makhleb.
    72 | D        | Found a blossoming altar of Fedhas.
    72 | D        | Found a white marble altar of Elyvilon.
    72 | D        | Found a shadowy altar of Dithmenos.
    72 | D        | Found a snail-covered altar of Cheibriados.
    73 | D        | Found a radiant altar of Vehumet.
    73 | D        | Found a corrupted altar of Lugonu.
    74 | D        | Found an ancient bone altar of Kikubaaqudgha.
    74 | D        | Found a hide-covered altar of Uskayaw.
    74 | D        | Found a broken altar of Ashenzari.
    90 | D        | Reached ** piety under Trog
   105 | D        | Reached skill level 4 in Unarmed Combat
   105 | D        | Reached XP level 2. HP: 28/31 MP: 1/1
   119 | D        | Reached *** piety under Trog
   124 | D        | Reached XP level 3. HP: 39/39 MP: 2/2
   190 | D        | Reached **** piety under Trog
   191 | D        | Reached skill level 5 in Unarmed Combat
   212 | D        | Reached XP level 4. HP: 49/49 MP: 3/3
   219 | D        | Reached skill level 6 in Unarmed Combat
   228 | D        | Reached ***** piety under Trog
   236 | D        | Reached skill level 5 in Fighting
   236 | D        | Reached skill level 5 in Dodging
   236 | D        | Reached skill level 7 in Unarmed Combat
   236 | D        | Reached XP level 5. HP: 9/57 MP: 4/4
   241 | D        | Killed from afar by an orc priest

Illustrated notes

Levels and vault maps discovered:
D:        pitsprint [storerooms_1, entrance_room_1, metal_vault_6, armoury_2,
          mini_pit_1, grid_room_1, main_hall_1, silver_pit, the_coven_3,
          the_vestibule_1, steel_vault_5, golden_pit, hallway_of_sentries,
          crystal_vault_1, iron_vault_4, final_vault]

Skill      XL: |  1  2  3  4 |
---------------+-------------+-----
Fighting       | 3 4 5 |  5.2
Dodging        | 3 4 5 |  5.2
Unarmed Combat | 4 5 7 |  7.3
Stealth        | |  0.1

Action                     |  1- 3 |  4- 6 || total
---------------------------+-------+-------++-------
  Melee: Unarmed           |    33 |    26 ||    59
         Punch             |     1 |     1 ||     2
 Invoke: Berserk           |     1 |     1 ||     2
 Armour: Animal skin       |     9 |     4 ||    13
  Dodge: Dodged            |    12 |     4 ||    16

Table legend: (Time is in decaauts)
 A = Elapsed time spent in this place.
 B = Non-inter-level travel time spent in this place.
 C = Inter-level travel time spent in this place.
 D = Time resting spent in this place.
 E = Time spent auto-exploring this place.
 F = Levels seen in this place.
 G = Mean time per level.
                   A        B        C        D        E       F      G
               +--------+--------+--------+--------+--------+-----+--------+
         Total |    244 |    222 |     22 |      0 |     27 |   1 |  244.0 |
       Dungeon |    244 |    222 |     22 |      0 |     27 |   1 |  244.0 |
               +--------+--------+--------+--------+--------+-----+--------+

Top non-repeatable levels by time:
       D: 244 daAuts
